 Dungeon Crawl Stone Soup version 0.22.1-5-g62c59d919a (webtiles) character file.

359 Riddle the Shield-Bearer (level 6, 0/50 HPs)
             Began as a Formicid Fighter on Jan 13, 2019.
             Slain by an ogre
             ... wielding a +0 giant spiked club
              (16 damage)
             ... on level 5 of the Dungeon.
             The game lasted 00:03:31 (3942 turns).

Riddle the Shield-Bearer (Formicid Fighter)         Turns: 3942, Time: 00:03:32

Health: 0/50       AC: 12    Str: 22    XL:     6   Next: 98%
Magic:  6/6        EV:  4    Int:  8    God:
Gold:   187        SH: 15    Dex: 10    Spells: 5/5 levels left

rFire    + . .     SeeInvis +   a - +0 quarterstaff
rCold    . . .     Gourm    .   z - +0 large shield
rNeg     . . .     Faith    .   c - +0 chain mail
rPois    .         Spirit   .   (helmet unavailable)
rElec    .         Reflect  .   y - +0 cloak
rCorr    .         Harm     .   (no gloves)
MR       .....                  l - +0 pair of boots
Stlth    ..........             (no amulet)
HPRegen  0.16/turn              x - ring of protection from fire
MPRegen  0.10/turn              (no ring)

@: no status effects
A: permanent stasis, dig shafts and tunnels, four strong arms, antennae 3
a: Dig, Shaft Self


You were on level 5 of the Dungeon.
You were very hungry.

You visited 1 branch of the dungeon, and saw 5 of its levels.

You collected 187 gold pieces.

Inventory:

Hand Weapons
 a - a +0 quarterstaff (weapon)
Armour
 c - a +0 chain mail (worn)
 l - a +0 pair of boots (worn)
 y - a +0 cloak (worn)
 z - a +0 large shield (worn)
Jewellery
 b - an uncursed ring of see invisible {unknown}
 x - a ring of protection from fire (left hand)
Wands
 u - a wand of clouds (5)
Scrolls
 e - 5 scrolls of identify {unknown}
 h - a scroll of random uselessness {unknown}
 k - a scroll of remove curse {unknown}
 m - 2 scrolls of fear {unknown}
 n - a scroll of blinking {unknown}
 o - 4 scrolls of amnesia {unknown}
 r - a scroll of immolation {unknown}
 s - 2 scrolls of magic mapping {unknown}
 t - a scroll of enchant armour {unknown}
 w - 2 scrolls of teleportation {unknown}
Potions
 d - 3 potions of might
 g - 5 potions of curing {unknown}
 i - 2 potions of haste {unknown}
 j - a potion of heal wounds {unknown}
 p - 3 potions of agility {unknown}
 q - 2 potions of magic {unknown}
 v - a potion of cancellation {unknown}
Comestibles
 f - 8 rations


   Skills:
 + Level 4.8 Fighting
 + Level 3.8 Staves
 + Level 4.8 Armour
 + Level 5.3 Shields


You had 5 spell levels left.
You didn't know any spells.
Your spell library contained the following spells:

 Spells                   Type           Power        Failure   Level  Hunger
 Confusing Touch          Hex            #.....       100%        1    ##.....
 Corona                   Hex            #......      100%        1    ##.....
 Slow                     Hex            #.......     100%        2    ###....
 Confuse                  Hex            #.......     100%        3    ####...
 Gell's Gravitas          Tloc           #.........   100%        3    ####...
 Inner Flame              Hex/Fire       #.......     100%        3    ####...
 Portal Projectile        Hex/Tloc       #.....       100%        3    ####...
 Cause Fear               Hex            #.........   100%        4    #####..
 Leda's Liquefaction      Hex/Erth       #.........   100%        4    #####..
 Petrify                  Tmut/Erth      #.......     100%        4    #####..
 Metabolic Englaciation   Hex/Ice        #.........   100%        5    ######.
 Yara's Violent Unravell  Hex/Tmut       #.........   100%        5    ######.


Dungeon Overview and Level Annotations

Branches:
Dungeon (5/15)
 Temple: D:4-7

Altars:

Shops:
D:4 ?


Innate Abilities, Weirdness & Mutations

You cannot be hasted, slowed, berserked, paralysed or teleported.
You can dig through walls and to a lower floor.
Your four strong arms can wield two-handed weapons with a shield.
You have a pair of large antennae on your head. (SInv)


Message History

You are too injured to fight recklessly!
You are too injured to fight recklessly!
You are too injured to fight recklessly!
You are too injured to fight recklessly!
You are too injured to fight recklessly!
You are too injured to fight recklessly!
You are too injured to fight recklessly!
You are too injured to fight recklessly!
You are too injured to fight recklessly!
You are too injured to fight recklessly!
You are too injured to fight recklessly!
You are too injured to fight recklessly!
You are too injured to fight recklessly!
You are too injured to fight recklessly!
You are too injured to fight recklessly!
You are too injured to fight recklessly!
You hit the ogre.
The ogre is severely wounded.
The ogre hits you with a giant spiked club!
You die...

#.....# #.....# #.....#
#######....# #.....#....#
#.....+....# #.....#....###
#.....#'####O##
#.........{{#@#
#..........{### ###########
...###'#......# #.........#
#...#......# #.........#
#...#.(....# #.........#
#...#......# #.<.......#
#####......#####.........####
####'#.....{{...##'###.....
#....'......{..o#....#.....


You could see an ogre.

Vanquished Creatures
  A phantom (D:5)
  2 scorpions
  An orc wizard (D:4)
  A worker ant (D:4)
  A gnoll (D:4)
  5 adders
  An ooze (D:1)
  An adder skeleton (D:4)
  2 dart slugs (D:2)
  2 leopard geckos (D:3)
  6 orcs
  2 giant cockroaches
  4 hobgoblins
  2 quokkas
  A ball python (D:4)
  6 bats
  3 frilled lizards
  10 goblins
  3 kobolds
  A quokka skeleton (D:4)
  9 rats
64 creatures vanquished.

Notes
Turn   | Place    | Note
-------+----------+-------------------------------------------
     0 | D:1      | Riddle the Formicid Fighter began the quest for the Orb.
     0 | D:1      | Reached XP level 1. HP: 18/18 MP: 1/1
   239 | D:1      | Reached XP level 2. HP: 24/24 MP: 2/2
   405 | D:1      | Reached skill level 4 in Shields
   568 | D:2      | Reached XP level 3. HP: 28/29 MP: 3/3
  1083 | D:2      | Reached XP level 4. HP: 37/37 MP: 4/4
  1817 | D:4      | Found Leuloah's Magic Scroll Shoppe.
  1866 | D:4      | Reached XP level 5. HP: 35/42 MP: 5/5
  2708 | D:4      | Reached XP level 6. HP: 43/49 MP: 6/6
  3062 | D:5      | Entered Level 5 of the Dungeon
  3129 | D:5      | Noticed a phantom
  3142 | D:5      | Killed a phantom
  3142 | D:5      | Reached skill level 5 in Shields
  3293 | D:5      | Noticed an ogre
  3942 | D:5      | Slain by an ogre

Skill      XL: |  1  2  3  4  5  6 |
---------------+-------------------+-----
Shields        | 4 5 |  5.3
Armour         | 4 |  4.8
Fighting       | 4 |  4.8
Staves         | 3 |  3.8

Action                   |  1- 3 |  4- 6 || total
-------------------------+-------+-------++-------
Melee: Quarterstaff      |    73 |   148 ||   221
 Abil: Dig               |       |     2 ||     2
  Eat: Chunk             |       |     5 ||     5
       Ration            |       |     1 ||     1
Armor: Scale mail        |    14 |    40 ||    54
       Chain mail        |       |    10 ||    10
Dodge: Dodged            |    18 |    26 ||    44
Block: Shield            |    37 |    41 ||    78
       Large shield      |       |    42 ||    42
